 Dungeon Crawl Stone Soup version 0.29.0-11-gd7f09526c8 (webtiles) character file.

Game seed: 6794075330414980097

1339301 freelancePsychic the Cryomancer (level 27, -12/251 HPs)
             Began as a Demonspawn Fire Elementalist on Sept 5, 2022.
             Was the Champion of Vehumet.
             Killed by dispel undead
             ... invoked by a Tzitzimitl
              (41 damage)
             ... on level 1 of the Tomb of the Ancients on Sept 6, 2022.
             The game lasted 05:43:58 (116741 turns).

freelancePsychic the Cryomancer (DsFE)            Turns: 116741, Time: 05:43:58

Health: -12/251    AC: 33    Str: 10    XL:     27
Magic:  14/56      EV: 24    Int: 31    God:    Vehumet [******]
Gold:   8605       SH: 16    Dex: 24    Spells: 8/66 levels left

rFire   + + +      SeeInvis .   a - +9 eveningstar (spect)
rCold   + + +      Faith    .   x - +2 shield of Resistance {rF++ rC++ Will++}
rNeg    + + +      Spirit   .   E - +7 swamp dragon scales
rPois   ∞          Reflect  .   C - +0 helmet of Misanthropy {rC+, Dex+6}
rElec   .          Harm     .   s - +1 cloak "Wisesarch" {rC+ Dex+4}
rCorr   +          Rampage  .   (gloves unavailable)
Will    +++++                   T - +2 pair of boots "Ysos" {rCorr}
Stlth   ++........              v - amulet "Rexiu" {+Inv Will- Regen+ Int+2}
HPRegen 1.31/turn               U - ring of wizardry
MPRegen 0.35/turn               o - ring of Xom's Indignation {rF+ rC+ rN+ MP+9 Stlth+}

@: mighty, lich-form, magic-sapped, very slightly contaminated, slowed, studying
Stealth, very slow
A: draining attack, torment immunity, no potions, rugged brown scales 3, hurl
damnation, foul stench 3, powered by pain 3, torment resistance 1, demonic
willpower, demonic touch 3, sense surroundings 1, evolution 2, no potion heal 1
0: Orb of Zot
}: 15/15 runes: decaying, serpentine, slimy, silver, golden, iron, obsidian,
icy, bone, abyssal, demonic, glowing, magical, fiery, dark
a: Hurl Damnation, End Transformation, Renounce Religion, Evoke Invisibility


You were on level 1 of the Tomb of the Ancients.
You worshipped Vehumet.
Vehumet was exalted by your worship.
You were an undead lich.
You visited 18 branches of the dungeon, and saw 88 of its levels.
You visited Pandemonium 1 time, and saw 18 of its levels.
You visited the Abyss 4 times.
You visited 1 ziggurat, and saw 11 of its levels.
You also visited: Ice Cave and Wizlab.

You collected 12724 gold pieces.
You spent 4119 gold pieces at shops.

Inventory:

Hand Weapons
 a - a +9 spectral eveningstar (weapon)
 b - the +10 dagger of Gin and Tonic {pain, rElec rF+ Int+7 Dex+3}
   (You found it on level 5 of the Pits of Slime)

   In the hands of one skilled in necromantic magic, it inflicts extra damage on
   living creatures.
   Int:       It affects your intelligence (+7).
   Dex:       It affects your dexterity (+3).
   rF:        It protects you from fire.
   rElec:     It insulates you from electricity.
Missiles
 X - 2 throwing nets
Armour
 d - the +1 pair of boots of Peek-a-Boo {rElec rN+}
   (You found it in Pandemonium)

   rElec:     It insulates you from electricity.
   rN:        It protects you from negative energy.
 s - the +1 cloak "Wisesarch" (worn) {rC+ Dex+4}
   (You found it in a wizard's laboratory)

   Dex:       It affects your dexterity (+4).
   rC:        It protects you from cold.
 x - the +2 shield of Resistance (worn) {rF++ rC++ Will++}
   (You found it on level 11 of a ziggurat)

   rF:        It greatly protects you from fire.
   rC:        It greatly protects you from cold.
   Will:      It greatly increases your willpower.
 C - the +0 helmet of Misanthropy (worn) {rC+, Dex+6}
   (You bought it in a shop on level 1 of the Depths)

   Dex:       It affects your dexterity (+6).
 E - +7 swamp dragon scales (worn)
 T - the +2 pair of boots "Ysos" (worn) {rCorr}
   (You acquired it on level 5 of the Vaults)

   rCorr:     It protects you from acid and corrosion.
Magical Staves
 F - a staff of cold
Jewellery
 o - the ring of Xom's Indignation (right hand) {rF+ rC+ rN+ MP+9 Stlth+}
   (You took it off a death knight on level 3 of the Crypt)

   [ring of positive energy]

   rF:        It protects you from fire.
   rC:        It protects you from cold.
   rN:        It protects you from negative energy.
   MP:        It affects your magic capacity (+9).
   Stlth:     It makes you more stealthy.
 p - a +4 ring of slaying
 v - the amulet "Rexiu" (around neck) {+Inv Will- Regen+ Int+2}
   (You found it on level 3 of the Crypt)

   [amulet of regeneration]

   Int:       It affects your intelligence (+2).
   +Inv:      It lets you turn invisible.
   Regen:     It increases your rate of health regeneration.
   Will:      It decreases your willpower.
 B - the amulet of Feakob {rC+ Will+ Regen+ MP+9}
   (You found it on level 7 of Gehenna)

   [amulet of regeneration]

   rC:        It protects you from cold.
   MP:        It affects your magic capacity (+9).
   Regen:     It increases your rate of health regeneration.
   Will:      It increases your willpower.
 H - the ring "Goraun" {Ice rElec Str+4}
   (You acquired it on level 6 of the Dungeon)

   [ring of ice]

   It enhances your ice magic.
   Str:       It affects your strength (+4).
   rF:        It makes you vulnerable to fire.
   rC:        It protects you from cold.
   rElec:     It insulates you from electricity.
 M - the ring "Usemeofa" {MP+9 Int+6 Slay-5 Stlth+}
   (You found it in a wizard's laboratory)

   [ring of magical power]

   Int:       It affects your intelligence (+6).
   Slay:      It affects your accuracy & damage with ranged weapons and melee
   (-5).
   MP:        It affects your magic capacity (+9).
   Stlth:     It makes you more stealthy.
 U - a ring of wizardry (left hand)
 V - a ring of ice
Wands
 c - a wand of digging (44)
 j - a wand of flame (90)
 q - a wand of roots (51)
 y - a wand of acid (30)
 N - a wand of paralysis (48)
Scrolls
 f - 13 scrolls of fog
 g - 10 scrolls of poison
 h - 9 scrolls of enchant weapon
 m - 13 scrolls of teleportation {@r4}
 A - 10 scrolls of silence
 I - 9 scrolls of fear
 J - 3 scrolls of brand weapon
 K - 10 scrolls of amnesia
 S - 6 scrolls of blinking
 Y - 3 scrolls of enchant armour
 Z - 7 scrolls of immolation
Potions
 e - 4 potions of resistance
 i - 24 potions of curing {@q1}
 l - 6 potions of mutation
 n - 4 potions of ambrosia
 r - 11 potions of lignification
 t - 12 potions of flight
 u - 3 potions of heal wounds {@q2}
 w - 2 potions of brilliance
 z - 8 potions of might
 G - 14 potions of attraction
 L - 2 potions of magic
 Q - 2 potions of haste {@q3}
 R - 9 potions of berserk rage
Miscellaneous
 k - a tin of tremorstones (2/2)
 D - a phial of floods
 W - a condenser vane


   Skills:
 + Level 23.1 Fighting
 - Level 16.0 Maces & Flails
 - Level 10.8 Armour
 * Level 20.0 Dodging
 - Level 6.0 Stealth
 - Level 12.9 Shields
 + Level 20.4 Spellcasting
 - Level 21.5 Conjurations
 - Level 17.0 Necromancy
 - Level 18.7 Transmutations
 - Level 20.0 Fire Magic
 - Level 24.2 Ice Magic
 - Level 21.0 Air Magic
 - Level 11.3 Earth Magic


You had 8 spell levels left.
You knew the following spells:

 Your Spells              Type           Power      Damage    Failure   Level
a - Chain Lightning       Conj/Air       52%        3d69      9%          9
b - Ignition              Fire           51%        3d14      1%          8
c - Ozocubu's Refrigerat  Ice            55%        4d19      1%          7
d - Necromutation         Tmut/Necr      59%        N/A       9%          8
e - Polar Vortex          Ice            55%        N/A       2%          9
f - Maxwell's Capacitive  Air            52%        ∞         1%          8
g - Dispel Undead         Necr           100%       3d31      1%          4
h - Irradiate             Conj/Tmut      51%        3d28      1%          5

Your spell library contained the following spells:

 Spells                   Type           Power      Damage    Failure   Level
 Fire Storm               Conj/Fire      51%        8d13      11%         9
 Foxfire                  Conj/Fire      100%       2x1d9     0%          1
 Necrotise                Necr           100%       1d9       0%          1
 Shock                    Conj/Air       100%       1d9       0%          1
 Passwall                 Tmut/Erth      75%        N/A       0%          2
 Scorch                   Fire           100%       2d10      0%          2
 Static Discharge         Conj/Air       100%       3-16/arc  0%          2
 Sublimation of Blood     Necr           100%       N/A       0%          2
 Conjure Flame            Conj/Fire      100%       6-21      0%          3
 Ozocubu's Armour         Ice            100%       N/A       0%          3
 Stone Arrow              Conj/Erth      100%       3d13      0%          3
 Swiftness                Air            100%       N/A       0%          3
 Vampiric Draining        Necr           100%       2d13      0%          3
 Airstrike                Air            52%        2d(8-24)  0%          4
 Flame Wave               Conj/Fire      100%       2d21      0%          4
 Hailstorm                Conj/Ice       100%       3d20      0%          4
 Ice Form                 Ice/Tmut       100%       N/A       0%          4
 Sticky Flame             Conj/Fire      100%       2d11      0%          4
 Freezing Cloud           Conj/Ice/Air   53%        6-21      0%          5
 Iskenderun's Battlesphe  Conj           100%       2d15      0%          5
 Lightning Bolt           Conj/Air       52%        1d73      0%          5
 Apportation              Tloc           62%        N/A       1%          1
 Sandblast                Erth           100%       2d20      1%          1
 Slow                     Hex            100%       N/A       1%          1
 Summon Small Mammal      Summ           100%       N/A       1%          1
 Ensorcelled Hibernation  Hex/Ice        100%       N/A       1%          2
 Poisonous Vapours        Pois/Air       100%       N/A       1%          2
 Dazzling Flash           Conj/Hex       100%       N/A       1%          3
 Ignite Poison            Fire/Tmut/Pois 84%        N/A       1%          3
 Inner Flame              Hex/Fire       76%        N/A       1%          3
 Mephitic Cloud           Conj/Pois/Air  88%        N/A       1%          3
 Spider Form              Tmut/Pois      74%        N/A       1%          3
 Anguish                  Hex/Necr       45%        N/A       1%          4
 Animate Armour           Summ/Erth      100%       N/A       1%          4
 Animate Dead             Necr           100%       N/A       1%          4
 Corpse Rot               Necr/Pois/Air  100%       N/A       1%          4
 Iskenderun's Mystic Bla  Conj/Tloc      78%        2d16      1%          4
 Leda's Liquefaction      Hex/Erth       30%        N/A       1%          4
 Petrify                  Tmut/Erth      90%        N/A       1%          4
 Summon Ice Beast         Ice/Summ       82%        N/A       1%          4
 Summon Lightning Spire   Summ/Air       77%        N/A       1%          4
 Blade Hands              Tmut           49%        N/A       1%          5
 Borgnjor's Vile Clutch   Necr/Erth      54%        N/A       1%          5
 Fireball                 Conj/Fire      51%        3d20      1%          5
 Lee's Rapid Deconstruct  Erth           40%        3d21*     1%          5
 Metabolic Englaciation   Hex/Ice        41%        N/A       1%          5
 Yara's Violent Unravell  Hex/Tmut       37%        3d15      1%          5
 Conjure Ball Lightning   Conj/Air       52%        3x3d18    1%          6
 Death Channel            Necr           58%        N/A       1%          6
 Eringya's Noxious Bog    Tmut/Pois      37%        N/A       1%          6
 Iron Shot                Conj/Erth      46%        9d9       1%          6
 Simulacrum               Ice/Necr       63%        N/A       1%          6
 Starburst                Conj/Fire      51%        6d14      1%          6
 Statue Form              Tmut/Erth      60%        N/A       1%          6
 Dragon Form              Tmut           49%        N/A       1%          7
 Orb of Destruction       Conj           52%        9d13      1%          7
 Lehudib's Crystal Spear  Conj/Erth      46%        10d11     4%          8
 Olgreb's Toxic Radiance  Pois           31%        N/A       5%          4
 Call Canine Familiar     Summ           31%        N/A       6%          3
 Confusing Touch          Hex            31%        N/A       6%          3
 Gell's Gravitas          Tloc           31%        N/A       6%          3
 Portal Projectile        Hex/Tloc       62%        N/A       6%          3
 Summon Guardian Golem    Hex/Summ       31%        N/A       6%          3
 Teleport Other           Tloc           31%        N/A       6%          3
 Infestation              Necr           58%        N/A       12%         8
 Cause Fear               Hex            15%        N/A       17%         4
 Haunt                    Necr/Summ      45%        N/A       41%         7
 Summon Forest            Summ/Tloc      15%        N/A       43%         5
 Summon Mana Viper        Hex/Summ       31%        N/A       43%         5
 Dispersal                Tloc           15%        N/A       93%         6
 Summon Cactus Giant      Summ           15%        N/A       93%         6
 Enfeeble                 Hex            15%        N/A       100%        7
 Malign Gateway           Summ/Tloc      15%        N/A       100%        7
 Monstrous Menagerie      Summ           15%        N/A       100%        7
 Summon Hydra             Summ           15%        N/A       100%        7
 Discord                  Hex            15%        N/A       100%        8
 Disjunction              Tloc           15%        N/A       100%        8
 Summon Horrible Things   Summ           15%        N/A       100%        8
 Dragon's Call            Summ           15%        N/A       100%        9


Dungeon Overview and Level Annotations

Branches:
Dungeon (15/15)            Temple (1/1) D:4            Lair (5/5) D:9
  Swamp (4/4) Lair:2        Snake (4/4) Lair:2        Slime (5/5) Lair:5
    Orc (2/2) D:12            Elf (3/3) Orc:2        Vaults (5/5) D:14
  Crypt (3/3) Vaults:3       Tomb (3/3) Crypt:3      Depths (4/4) D:15
   Hell (visited)             Dis (7/7) Hell            Geh (7/7) Hell
    Coc (7/7) Hell            Tar (7/7) Hell            Zot (5/5) Depths:4
  IceCv (visited)          WizLab (visited)

Altars:
Cheibriados
Dithmenos
Fedhas
Gozag
Kikubaaqudgha
Makhleb
Okawaru
Qazlal
Ru
Sif Muna
Uskayaw
Vehumet
Wu Jian
Yredelemnul
Jiyva

Shops:
D:2 *   D:10 =   D:13 [   Orc:1 *   Orc:2 [==?   Elf:2 [   Snake:4 *
Vaults:2 !=[(   Vaults:4 ?   Vaults:5 !=!:   Depths:1 *[*   Depths:4 (

Portals:
Hell: Depths:1 Depths:2 Depths:3 Depths:4
Abyss: Depths:2 Depths:3 Depths:4
Pandemonium: Depths:2

Annotations:
D:2 Ijyb
D:3 Sigmund
D:4 exclusion: ogre
D:13 2 transporters, Kokhlaf's ghost, journeyman DECj; Uhalu's ghost, journeyman TrMo
D:14 3 runed translucent doors, VictoriousLee's ghost, journeyman DrCj
Lair:5 1 runed translucent door
Swamp:3 Roxanne
Swamp:4 Mlioglotl
Snake:3 3 runed translucent doors, Mesuenwa's ghost, adept DEHW; Sagen's ghost, adept DrCj
Elf:2 3 runed translucent doors
Depths:2 exclusion: juggernaut
Depths:3 exclusion: walking crystal tome
Dis:6 exclusion: 2 doors


Innate Abilities, Weirdness & Mutations

You are an undead lich.
Your unarmed attacks are suffused with negative energy.
You are immune to unholy pain and torment.
Your necromantic spells are more powerful.
You cannot drink.
You are immune to poison.
You are completely covered in rugged brown scales. (AC +3, +7% HP)
You can hurl damnation.
You frequently emit foul miasma when damaged in melee.
You are powered by pain.
You are resistant to unholy torment.
You punish those that try to bend your will. (Will+)
Your touch may irresistibly damage your foes and sap their willpower.
You passively map a small area around you.
You have great hidden genetic potential.
Potions are less effective at restoring your health.


Message History

Confirm with . or Enter, or press ? or * to list all spells.
Lightning arcs from your hands!
The bolt of lightning hits the Tzitzimitl!!
The Tzitzimitl resists.
The Tzitzimitl is severely wounded.
The bolt of lightning hits you. You resist.
You lose access to your magic!
The Tzitzimitl engulfs you! The Tzitzimitl misses you.
The Tzitzimitl engulfs you but does no damage.
The Tzitzimitl bites you.
You feel a bond with your +9 spectral eveningstar.
a - a +9 spectral eveningstar (weapon)
You hit the Tzitzimitl.
The Tzitzimitl is severely wounded.
Your +9 spectral eveningstar hits the Tzitzimitl.
The winds around you calm down. You block the Tzitzimitl's attack.
The Tzitzimitl closely misses you. The Tzitzimitl engulfs you.
The Tzitzimitl drains your vigour!
You feel as though you will be slow longer.
You emit a cloud of foul miasma!
The Tzitzimitl bites you!
You sock the Tzitzimitl!
The Tzitzimitl is almost dead.
Your +9 spectral eveningstar barely misses the Tzitzimitl.
The Tzitzimitl barely misses you.
The Tzitzimitl bites you but does no damage.
You barely miss the Tzitzimitl.
The Tzitzimitl is almost dead.
Your +9 spectral eveningstar barely misses the Tzitzimitl.
You regain access to your magic.
The Tzitzimitl gestures at you.
You convulse!
* * * LOW HITPOINT WARNING * * *
You focus on the pain.
You feel very mighty all of a sudden.
You miss the Tzitzimitl.
The Tzitzimitl is almost dead.
Your +9 spectral eveningstar closely misses the Tzitzimitl.
The Tzitzimitl gestures at you.
You convulse!
You die...

#.........##..#..###'###.
#.........##..#.....^....
#.........##..###########
#.........##...........#
#.........##...........#
#.........###########''#
#.........# #..#..#..#
#.........# #........#
#......(L)# ##^.....##
#......1).# #...##...#
#.........# #...##...#
#.........# ##......##
#.........# #^.....^.#
#.........# #>.#^.#.^#
#.........# ##########
#...).....###############
#......................^)


You could see a Tzitzimitl and a friendly +9 spectral eveningstar (summoned).

Vanquished Creatures
  Cerebov (Pan)
  Antaeus (Coc:7)
  Asmodeus (Geh:7)
  the Royal Jelly (Slime:5)
  Ereshkigal (Tar:7)
  Lom Lobon (Pan)
  Gloorx Vloq (Pan)
  the Serpent of Hell (Dis:7)
  A seraph (Tomb:1)
  Mnoleg (Pan)
  6 dread liches
  Dispater (Dis:7)
  Khufu (Tomb:3)
  10 ancient liches
  6 orbs of fire
  Mennas (Pan)
  3 juggernauts (Dis:7)
  33 royal mummies
  7 Killer Klowns
  13 pandemonium lords
  19 shard shrikes
  Saint Roka (Orc:2)
  3 curse toes
  Bai Suzhen (Snake:4)
  Xtahua (Vaults:5)
  5 golden dragons
  Geryon (Hell)
  36 caustic shrikes
  29 bone dragons
  12 profane servitors
  14 doom hounds
  8 electric golems
  17 Hell Sentinels
  A spectral shard shrike (Tar:4)
  4 iron giants
  17 searing wretches
  17 Brimstone Fiends
  21 Tzitzimimeh
  51 Orb Guardians
  10 hellephants
  13 tentacled monstrosities
  A walking crystal tome (Depths:3)
  6 liches
  25 titans
  22 Ice Fiends
  14 quicksilver dragons
  13 tainted leviathans
  A walking frostbound tome (Depths:2)
  2 deep elf master archers (Elf:3)
  26 ancient champions
  29 Executioners
  2 deep elf blademasters (Elf:3)
  A kraken (Abyss:4)
  2 tentacled starspawn (WizLab)
  27 acid blobs
  Agnes (D:15)
  4 death cobs
  13 sphinxes
  An eldritch tentacle (WizLab)
  A thorn hunter (Swamp:3)
  12 rockslimes (Slime:5)
  15 azure jellies
  Donald (Elf:3)
  8 draconian knights
  8 shadow dragons
  13 narguns
  8 storm dragons
  16 fire giants
  5 draconian monks
  9 tengu reavers
  6 nagarajas
  An iron dragon (shapeshifter) (Vaults:5)
  4 revenants
  13 demonspawn warmongers
  5 fenstrider witches (Swamp:4)
  5 daevas
  12 deep elf sorcerers
  15 iron dragons
  13 frost giants
  49 balrugs
  A spectral juggernaut (Tar:7)
  7 ghost moths
  15 cacodemons
  2 orc warlords (Orc:2)
  Louise (Swamp:2)
  Aizul (Snake:2)
  17 vault wardens
  4 draconian shifters
  An angel (Depths:1)
  6 shard shrike simulacra
  3 curse skulls
  27 reapers
  5 deep elf elementalists (Elf:3)
  8 quicksilver elementals
  22 ironbound preservers
  5 ghouls
  5 draconian scorchers
  15 stone giants
  2 spriggan defenders (Depths:2)
  4 draconian stormcallers
  8 draconian annihilators
  A caustic shrike skeleton (Pan)
  A juggernaut skeleton (Tomb:1)
  9 quicksilver oozes
  5 demonspawn corrupters
  38 war gargoyles
  13 ironbound thunderhulks
  27 very ugly things
  9 demonspawn blood saints
  23 elemental wellsprings
  Azrael (D:12)
  15 putrid mouths
  6 deep elf demonologists
  4 entropy weavers
  5 starcursed masses
  8 deep elf annihilators
  10 purple draconians
  16 red draconians
  3 vampire knights
  8 bennus
  12 demonspawn black suns
  13 dire elephants
  6 eleionomae
  12 green draconians
  12 black draconians
  8 white draconians
  13 lorocyprocas
  15 wendigos
  11 spark wasps
  11 yellow draconians
  21 blizzard demons
  2 eidola
  15 ettins
  Snorg (D:11)
  5 bunyips
  14 iron golems
  7 deep elf death magi
  A crystal guardian (Vaults:4)
  20 green deaths
  23 mummy priests
  14 yaktaur captains
  7 spectral spriggans
  11 fire dragons
  4 shambling mangroves
  20 jiangshi
  9 deep elf high priests
  13 great orbs of eyes
  2 peacekeepers
  6 boulder beetles
  15 ice dragons
  4 spriggan air magi
  A spectral shadow dragon (Tar:2)
  18 hydras
  12 rakshasas
  A ghost crab (Abyss:4)
  15 salamander tyrants
  9 two-headed ogres
  An anaconda (shapeshifter) (Vaults:5)
  12 caustic shrike simulacra
  6 death knights
  6 hell beasts
  32 vault guards
  8 juggernaut simulacra
  8 anacondas
  5 ironbound frosthearts
  A spectral stone giant (Tar:4)
  A catoblepas (Zig:8)
  2 spriggan skeletons
  9 stokers
  9 ogre magi
  19 centaur warriors
  3 deep troll shamans
  7 alligators
  7 vampire magi
  20 dancing weapons
  25 death scarabs
  22 naga warriors
  7 deep troll earth magi
  17 death yaks
  27 hell hogs
  9 tengu warriors
  9 orc high priests
  8 shock serpents
  3 thrashing horrors
  15 deep elf knights
  9 spriggan berserkers
  27 soul eaters
  A titan zombie (Tomb:2)
  4 spriggans
  6 crystal echidnas
  4 wretched stars (Abyss:4)
  14 naga sharpshooters
  A spectral bunyip (Tar:2)
  76 sun demons
  2 salamander mystics
  2 titan skeletons (Tomb:3)
  17 hell knights
  38 skeletal warriors
  A fire crab (Abyss:4)
  5 iron trolls
  A golden dragon zombie (Depths:2)
  A pharaoh ant (Zig:5)
  7 spriggan druids
  25 sixfirhies
  10 shadow demons
  3 quicksilver dragon simulacra
  2 death drakes
  12 shadow wraiths
  3 cherubim
  2 goliath frogs (Swamp:4)
  5 spriggan simulacra
  51 deep trolls
  13 deep elf archers
  A spectral anaconda (Tar:2)
  A spark wasp zombie (Depths:2)
  3 obsidian statues
  2 orange crystal statues (Zig:8)
  4 orb spiders (Zig:9)
  7 flayed ghosts
  3 swamp dragons
  4 naga ritualists
  A steelbarb worm (Zig:5)
  9 glowing orange brains
  14 ironbound convokers
  6 bog bodies
  19 phantasmal warriors
  A tengu zombie (Depths:2)
  17 deep elf zephyrmancers
  14 wizards
  10 lindwurms
  20 necromancers
  A goliath frog zombie (Crypt:2)
  A shining eye (shapeshifter) (Depths:2)
  35 deep elf pyromancers
  5 orc knights
  3 manticores
  2 bunyip skeletons
  5 mana vipers
  2 wolf spiders
  38 ugly things
  17 salamanders
  6 cyclopes
  2 spectral centaurs
  A cyclops (shapeshifter) (Zig:1)
  7 will-o-the-wisps
  7 orc sorcerers
  2 shining eyes (Slime:5)
  An eleionoma skeleton (Crypt:1)
  A spectral ettin (Tar:3)
  23 moths of wrath
  11 guardian serpents
  17 vault sentinels
  A toenail golem (Tomb:1)
  5 rust devils
  2 eyes of devastation
  15 naga magi
  7 ice statues
  8 elephants
  9 torpor snails
  15 molten gargoyles
  32 black mambas
  5 apocalypse crabs
  2 dire elephant zombies
  A guardian serpent (shapeshifter) (D:14)
  25 orange demons
  A torpor snail (shapeshifter) (Depths:3)
  A gargoyle (D:9)
  3 stone giant skeletons
  8 cane toads
  26 smoke demons
  A yellow draconian zombie (Crypt:1)
  2 dire elephant skeletons (Pan)
  Psyche (D:11)
  5 titan simulacra
  A white draconian zombie (Crypt:1)
  An unseen horror (WizLab)
  Maggie (D:8)
  23 hellwings
  10 demonic crawlers
  34 hellions
  2 centaur skeletons
  30 freezing wraiths
  A spectral naga (Tar:2)
  2 rime drakes
  A green draconian zombie (Crypt:2)
  2 tengu conjurers
  5 efreet
  39 tormentors
  12 komodo dragons
  22 yaktaurs
  A burning bush (Lair:1)
  6 golden dragon simulacra
  56 guardian mummies
  7 trolls
  10 ice devils
  A spectral harpy (Tar:4)
  3 ancient zymes (Abyss:4)
  An iron giant simulacrum (Coc:6)
  A bunyip simulacrum (Coc:2)
  3 bloated husks
  5 silent spectres
  A queen bee (D:12)
  9 anaconda simulacra
  A sea snake skeleton (Crypt:1)
  A meliai (shapeshifter) (Vaults:5)
  11 red devils
  A harpy zombie (Crypt:1)
  13 tyrant leeches
  A meliai (Zig:5)
  14 polar bears
  A merfolk (shapeshifter) (Vaults:2)
  48 slime creatures
  A tengu simulacrum (Coc:1)
  17 blink frogs
  22 hornets
  A dream sheep (Lair:5)
  10 small abominations
  3 iron dragon simulacra
  A harpy skeleton (Pan)
  3 raiju
  79 flying skulls
  A spectral black mamba (Tar:1)
  56 large abominations
  13 air elementals
  2 culicivoras (Zig:9)
  2 ettin skeletons (Pan)
  23 ynoxinuls
  2 jumping spiders
  9 shadows
  A centaur simulacrum (Tomb:3)
  2 vampires
  10 wraiths
  3 naga simulacra
  A yak (shapeshifter) (Vaults:4)
  8 dire elephant simulacra
  An orc simulacrum (Coc:1)
  3 water elementals
  21 ushabtiu
  7 fire elementals
  17 humans
  22 neqoxecs
  4 wyverns
  26 golden eyes
  2 alligator snapping turtle simulacra (Coc:3)
  4 basilisks
  A black mamba skeleton (Crypt:2)
  43 yaks
  4 steam dragons
  3 minotaur simulacra (IceCv)
  A catoblepas simulacrum (Coc:1)
  An elf skeleton (WizLab)
  17 harpy simulacra
  20 vampire mosquitoes
  22 chaos spawn
  11 redbacks
  15 wargs
  A faun zombie (Crypt:2)
  38 nagas
  17 swamp worms
  19 water moccasins
  10 hydra simulacra
  2 acid dragons
  6 spatial vortices (WizLab)
  A deep troll skeleton (Crypt:1)
  21 hell hounds
  2 floating eyes
  A sky beast (D:9)
  6 ettin simulacra
  3 swamp drakes
  2 ice beasts (D:8)
  15 black bears
  34 orc warriors
  A dream sheep zombie (Crypt:2)
  6 boggarts
  2 alligator simulacra (IceCv)
  12 centaurs
  9 ogres
  A shining eye zombie (Crypt:1)
  13 wolves (Lair:5)
  A manticore skeleton (Crypt:1)
  10 bullfrogs
  2 kobold brigands
  4 earth elementals
  4 gnoll sergeants
  8 necrophages
  6 scorpions
  A deep troll simulacrum (IceCv)
  13 wights
  22 killer bees
  2 lindwurm simulacra (IceCv)
  A shapeshifter skeleton (Crypt:1)
  14 howler monkeys
  3 electric eels
  3 gnoll boudas
  A hound (D:5)
  5 jellies
  36 orc priests
  10 iguanas
  32 orc wizards
  A scorpion zombie (Crypt:1)
  A hell rat (D:9)
  54 mummies
  Robin (D:1)
  19 gnolls
  5 adders
  A river rat (D:9)
  2 shadow imps
  A white imp (D:5)
  An ufetubus (D:5)
  An adder zombie (Crypt:2)
  An iguana skeleton (Crypt:2)
  A worm (D:4)
  A dart slug (D:5)
  110 orcs
  9 ball pythons
  2 bats
  3 endoplasms
  A giant cockroach (D:3)
  13 goblins
  5 hobgoblins
  6 quokkas
  2 frilled lizards (D:2)
  10 kobolds
  2 rats
  8 ball lightnings (Pan)
  3 creeping infernos
  27 fire vortices
  A lurking horror (WizLab)
  2 starspawn tentacles (WizLab)
  3 tentacles (Abyss:4)
4256 creatures vanquished.

Vanquished Creatures (collateral kills)
  An iguana (D:6)
1 creature vanquished.

Vanquished Creatures (others)
  A shard shrike (Coc:4)
  A titan (Pan)
  A death cob (Zot:2)
  An eldritch tentacle (Pan)
  2 ghost moths (Zot:5)
  A demonspawn blood saint (Pan)
  A lorocyproca (Pan)
  A caustic shrike simulacrum (Coc:7)
  A juggernaut simulacrum (Coc:6)
  An anaconda (Snake:4)
  A sun demon (Pan)
  A soul eater (Pan)
  2 quicksilver dragon simulacra (Coc:7)
  An ironbound convoker (Vaults:4)
  A spriggan simulacrum (Coc:7)
  A black mamba (Snake:4)
  An anaconda simulacrum (Coc:7)
  3 smoke demons (Pan)
  A tormentor (Pan)
  An iron giant simulacrum (Coc:4)
  A flying skull (Tomb:2)
  A wraith (Crypt:3)
  A large abomination (Pan)
  An ettin simulacrum (Coc:4)
  An orc priest (D:9)
  10 ball lightnings (Pan)
  A creeping inferno (Geh:7)
  191 foxfires
  23 fungi
  2 lurking horrors
  91 plants
  A starspawn tentacle (Abyss:4)
  A tentacle (Abyss:4)
  6 withered plants (Snake:3)
355 creatures vanquished.

Grand Total: 4612 creatures vanquished

Notes
Turn   | Place    | Note
-------+----------+-------------------------------------------
     0 | D:1      | freelancePsychic the Demonspawn Fire Elementalist began the
                  | quest for the Orb.
     0 | D:1      | Reached XP level 1. HP: 13/13 MP: 3/3
   557 | D:1      | Gained mutation: Your touch may inflict minor irresistible
                  | damage on your foes. [demonic ancestry]
   557 | D:1      | Reached XP level 2. HP: 20/20 MP: 5/5
   694 | D:1      | Learned a level 2 spell: Scorch
   948 | D:2      | Found a faded altar of an unknown god.
  1460 | D:2      | Reached skill level 1 in Fighting
  1540 | D:2      | Gained mutation: You are partially covered in rugged brown
                  | scales. (AC +1, +3% HP) [demonic ancestry]
  1540 | D:2      | Reached XP level 3. HP: 21/26 MP: 3/6
  1641 | D:2      | Noticed Robin
  1999 | D:1      | Killed Robin
  2174 | D:2      | Found Plog's General Store.
  2183 | D:2      | Bought a scroll of teleportation for 39 gold pieces
  2290 | D:3      | Noticed Ijyb
  2655 | D:3      | Noticed Sigmund
  2886 | D:3      | Gained mutation: You are mostly covered in rugged brown
                  | scales. (AC +2, +5% HP) [demonic ancestry]
  2886 | D:3      | Reached XP level 4. HP: 17/33 MP: 0/8
  3726 | D:4      | Found a basalt altar of Yredelemnul.
  3996 | D:4      | Gained mutation: You sometimes gain a little power by
                  | taking damage. [demonic ancestry]
  3996 | D:4      | Reached XP level 5. HP: 39/39 MP: 4/9
  4480 | D:4      | Found a staircase to the Ecumenical Temple.
  4532 | Temple   | Entered the Ecumenical Temple
  4539 | Temple   | Became a worshipper of Vehumet
  4670 | D:4      | Noticed an ogre
  4787 | D:5      | Entered Level 5 of the Dungeon
  4828 | D:5      | Gained mutation: You sometimes gain power by taking damage.
                  | [demonic ancestry]
  4828 | D:5      | Reached XP level 6. HP: 48/48 MP: 6/11
  5315 | D:5      | Reached skill level 5 in Fire Magic
  5572 | D:5      | Gained mutation: You are completely covered in rugged brown
                  | scales. (AC +3, +7% HP) [demonic ancestry]
  5572 | D:5      | Reached XP level 7. HP: 49/55 MP: 2/13
  6408 | D:5      | Reached * piety under Vehumet
  6408 | D:5      | Offered knowledge of Shock by Vehumet.
  6428 | D:5      | Reached skill level 5 in Spellcasting
  6428 | D:5      | Gained mutation: You may rarely emit foul miasma when
                  | damaged in melee. [demonic ancestry]
  6428 | D:5      | Reached XP level 8. HP: 48/64 MP: 7/15
  7338 | D:5      | Reached skill level 5 in Fighting
  7445 | D:5      | Reached XP level 9. HP: 55/72 MP: 9/18
  7655 | D:6      | Offered knowledge of Static Discharge by Vehumet.
  7663 | D:6      | Reached ** piety under Vehumet
  7779 | D:6      | Reached skill level 1 in Ice Magic
  7779 | D:6      | Reached skill level 1 in Air Magic
  7924 | D:6      | Found a sacrificial altar of Ru.
  8553 | D:6      | Found a snail-covered altar of Cheibriados.
  8553 | D:6      | Found a stormy altar of Qazlal.
  8637 | D:6      | Identified a scroll of acquirement
  8637 | D:6      | Acquired the ring "Goraun" {Ice rElec Str+4}
  8918 | D:6      | Reached skill level 2 in Ice Magic
  8995 | D:6      | Learned a level 5 spell: Freezing Cloud
  9416 | D:7      | Offered knowledge of Mephitic Cloud by Vehumet.
  9511 | D:7      | Reached skill level 3 in Ice Magic
  9657 | D:7      | Reached *** piety under Vehumet
  9752 | D:7      | Found a blossoming altar of Fedhas.
  9824 | D:7      | Found a shimmering blue altar of Sif Muna.
  9950 | D:8      | Noticed a two-headed ogre
  9959 | D:8      | Killed a two-headed ogre
  9960 | D:8      | Reached XP level 10. HP: 55/84 MP: 15/19
 10081 | D:8      | Identified the +11 whip "Luheinou" {drain, Contam rElec
                  | Int+3}
 10189 | D:8      | Reached skill level 4 in Ice Magic
 10480 | D:8      | Found a hide-covered altar of Uskayaw.
 10518 | D:8      | Found an opulent altar of Gozag.
 10540 | D:8      | Noticed a two-headed ogre
 10621 | D:9      | Offered knowledge of Sticky Flame by Vehumet.
 10649 | D:9      | Reached skill level 5 in Conjurations
 10654 | D:9      | Learned a level 4 spell: Flame Wave
 10737 | D:9      | Found an ornate altar of the Wu Jian Council.
 10738 | D:9      | Found a shadowy altar of Dithmenos.
 10943 | D:9      | Noticed a boulder beetle
 11132 | D:8      | Killed a two-headed ogre
 11246 | D:8      | Noticed a cyan ugly thing
 11254 | D:8      | Noticed a brown ugly thing
 11254 | D:8      | Killed a cyan ugly thing
 11254 | D:8      | Reached **** piety under Vehumet
 11255 | D:8      | Reached skill level 5 in Ice Magic
 11255 | D:8      | Reached skill level 5 in Air Magic
 11257 | D:8      | Killed a brown ugly thing
 11279 | D:8      | Offered knowledge of Ignite Poison by Vehumet.
 11521 | D:8      | Reached XP level 11. HP: 93/93 MP: 16/20
 11822 | D:8      | Identified the +4 trident of Broken Luck {venom, rN+ Str+4}
 11917 | D:8      | Noticed Maggie
 11924 | D:8      | Killed Maggie
 12184 | D:9      | Reached skill level 6 in Ice Magic
 12324 | D:9      | Reached skill level 1 in Armour
 12334 | D:9      | Noticed a centaur warrior
 12338 | D:9      | Killed a centaur warrior
 12515 | D:9      | Found a staircase to the Lair.
 12517 | D:9      | Noticed a wizard
 12981 | D:9      | Noticed a death yak
 12982 | D:9      | Noticed a death yak
 12986 | D:9      | Noticed a death yak
 12991 | D:9      | Killed a death yak
 12992 | D:9      | Reached skill level 7 in Ice Magic
 12992 | D:9      | Killed a death yak
 12996 | D:9      | Killed a death yak
 13059 | D:9      | Killed a wizard
 13073 | D:9      | Reached ***** piety under Vehumet
 13086 | D:9      | Killed a boulder beetle
 13087 | D:9      | Reached skill level 8 in Ice Magic
 13324 | D:9      | Offered knowledge of Olgreb's Toxic Radiance by Vehumet.
 13329 | D:8      | Paralysed by a hornet for 1 turns
 13445 | D:9      | Reached XP level 12. HP: 103/103 MP: 11/21
 13603 | D:9      | Noticed a two-headed ogre
 13610 | D:9      | Killed a two-headed ogre
 13914 | D:9      | Noticed an eight-headed hydra
 13929 | D:9      | Killed an eight-headed hydra
 13930 | D:9      | Reached skill level 10 in Fighting
 13930 | D:9      | Reached skill level 9 in Ice Magic
 14349 | D:9      | Acquired a staff of cold
 14412 | D:10     | Entered Level 10 of the Dungeon
 14608 | D:10     | You are sucked into a shaft and drop 1 floor!
 14623 | D:11     | Noticed Snorg
 14656 | D:11     | Killed Snorg
 15002 | D:11     | Noticed a boulder beetle
 15011 | D:11     | Killed a boulder beetle
 15012 | D:11     | Reached skill level 5 in Armour
 15066 | D:11     | Learned a level 7 spell: Ozocubu's Refrigeration
 15451 | D:11     | Noticed a two-headed ogre
 15457 | D:11     | Killed a two-headed ogre
 15764 | D:10     | Found Kaobigagg's Jewellery Emporium.
 15792 | D:10     | Reached skill level 10 in Ice Magic
 16406 | D:10     | Found a burning altar of Makhleb.
 16527 | D:11     | Noticed Psyche
 16531 | D:11     | Killed Psyche
 16725 | D:12     | Identified the +7 scale mail of Inupas {rF+ Will+ Dex-3}
 16893 | D:12     | Noticed Nessos
 17090 | D:12     | Noticed Nessos
 17090 | D:12     | Nessos changed into Nessos the human
 17312 | D:12     | Killed Nessos the human
 17327 | D:12     | Noticed Azrael
 17676 | Lair:1   | Entered Level 1 of the Lair of Beasts
 18654 | Lair:2   | Found a staircase to the Snake Pit.
 18813 | Lair:2   | Reached skill level 11 in Ice Magic
 18813 | Lair:2   | Reached XP level 13. HP: 113/113 MP: 16/22
 20004 | Lair:2   | Found a staircase to the Swamp.
 20891 | Lair:3   | Reached skill level 12 in Ice Magic
 21317 | Lair:4   | Offered knowledge of Conjure Ball Lightning by Vehumet.
 21747 | Lair:4   | Identified the +0 leather armour of Xigyser {rC+ Will+}
 22295 | Lair:5   | Entered Level 5 of the Lair of Beasts
 22750 | Lair:5   | Reached skill level 13 in Ice Magic
 22752 | Lair:5   | Gained mutation: You sometimes emit foul miasma when
                  | damaged in melee. [demonic ancestry]
 22752 | Lair:5   | Reached XP level 14. HP: 94/124 MP: 23/23
 23127 | Lair:5   | Found a staircase to the Slime Pits.
 23128 | Lair:5   | Found a viscous altar of Jiyva.
 23159 | Lair:5   | Identified the +1 leather armour "Ijuveeh" {Int+4}
 23596 | Lair:5   | Offered knowledge of Iron Shot by Vehumet.
 23604 | Lair:5   | Learned a level 6 spell: Iron Shot
 24004 | Lair:5   | Reached skill level 14 in Ice Magic
 24078 | Lair:5   | Identified the +0 ring mail of the Charmed God {rN+}
 24357 | Lair:5   | Reached skill level 5 in Dodging
 24695 | Lair:5   | Found a runed translucent door.
 25760 | D:12     | Killed Azrael
 25821 | D:12     | Found a staircase to the Orcish Mines.
 26028 | D:12     | Reached ****** piety under Vehumet
 26188 | D:12     | Found the +7 Kryia's mail coat {PotionHeal*2 rC+}
 26355 | D:13     | Found a transporter.
 26370 | D:13     | Noticed Uhalu's ghost (journeyman TrMo)
 26889 | D:13     | Offered knowledge of Fireball by Vehumet.
 27042 | D:13     | Gained mutation: You frequently emit foul miasma when
                  | damaged in melee. [demonic ancestry]
 27042 | D:13     | Reached XP level 15. HP: 127/132 MP: 5/24
 27259 | D:13     | Found Miedais's Armour Shop.
 27552 | D:13     | Found a transporter.
 27552 | D:13     | Noticed Kokhlaf's ghost (journeyman DECj)
 28091 | D:14     | Found a frozen archway.
 28143 | IceCv    | Entered an ice cave
 28166 | IceCv    | Reached skill level 1 in Shields
 28166 | IceCv    | Reached skill level 15 in Ice Magic
 28879 | IceCv    | Found an ancient bone altar of Kikubaaqudgha.
 29231 | D:14     | Found a runed translucent gate.
 29232 | D:14     | Found a runed translucent gate.
 29235 | D:14     | Found a runed translucent gate.
 29237 | D:14     | Noticed VictoriousLee's ghost (journeyman DrCj)
 29531 | D:14     | Found a burning altar of Makhleb.
 29850 | D:14     | Identified the +4 scale mail "Maagol" {Str+3 Int+2}
 29931 | D:14     | Offered knowledge of Starburst by Vehumet.
 30237 | D:14     | Found a gate to the Vaults.
 30242 | D:14     | Reached skill level 1 in Earth Magic
 30619 | D:15     | Entered Level 15 of the Dungeon
 30687 | D:15     | Noticed Agnes
 30692 | D:15     | Killed Agnes
 30785 | D:15     | Found an ornate altar of the Wu Jian Council.
 31990 | Snake:1  | Entered Level 1 of the Snake Pit
 32116 | Snake:1  | Reached XP level 16. HP: 125/143 MP: 17/27
 32766 | Snake:1  | Acquired the ring of Rationality {rF+ rN+ SInv}
 33314 | Snake:1  | Reached skill level 15 in Fighting
 33522 | Snake:1  | Reached skill level 5 in Earth Magic
 34585 | Snake:2  | Noticed Aizul
 34594 | Snake:2  | Killed Aizul
 36413 | Snake:3  | Offered knowledge of Yara's Violent Unravelling by Vehumet.
 36706 | Snake:3  | Found a runed translucent gate.
 36709 | Snake:3  | Found a runed translucent gate.
 36710 | Snake:3  | Found a runed translucent gate.
 36710 | Snake:3  | Noticed Mesuenwa's ghost (adept DEHW)
 36710 | Snake:3  | Noticed Sagen's ghost (adept DrCj)
 37185 | Snake:3  | Learned a level 5 spell: Irradiate
 37210 | Snake:4  | Entered Level 4 of the Snake Pit
 37408 | Snake:4  | Reached skill level 1 in Transmutations
 37836 | Snake:4  | Found Wutat's Assorted Antiques.
 37840 | Snake:4  | Bought a bound pewter amulet for 155 gold pieces
 37840 | Snake:4  | Identified the amulet "Okkyss" {Faith Rampage} (You bought
                  | it in a shop on level 4 of the Snake Pit)
 37840 | Snake:4  | Bought a scroll of magic mapping for 232 gold pieces
 37840 | Snake:4  | Bought a scroll of teleportation for 93 gold pieces
 38043 | Orc:1    | Entered Level 1 of the Orcish Mines
 38044 | Orc:1    | Found Byessuob's Assorted Antiques.
 38054 | Orc:1    | Bought a potion of haste for 310 gold pieces
 38114 | Orc:2    | Entered Level 2 of the Orcish Mines
 38180 | Orc:2    | Noticed Saint Roka
 38190 | Orc:2    | Killed Saint Roka
 38357 | Orc:2    | Found Toluwim's Jewellery Shoppe.
 38662 | Orc:2    | Gained mutation: Your touch may inflict irresistible damage
                  | on your foes. [demonic ancestry]
 38662 | Orc:2    | Reached XP level 17. HP: 150/151 MP: 26/29
 39453 | Orc:2    | Found Louruulu's Armour Shop.
 40759 | Orc:2    | Found Karyskoq's Magic Scroll Shoppe.
 40759 | Orc:2    | Found Mufoh's Jewellery Shop.
 40765 | Orc:2    | Bought a scroll of teleportation for 42 gold pieces
 40765 | Orc:2    | Bought a scroll of immolation for 56 gold pieces
 40949 | Orc:2    | Found a staircase to the Elven Halls.
 41322 | Orc:1    | Offered knowledge of Lehudib's Crystal Spear by Vehumet.
 41989 | Snake:4  | Noticed Bai Suzhen
 44182 | Snake:4  | Reached skill level 5 in Transmutations
 44937 | Elf:1    | Entered Level 1 of the Elven Halls
 45129 | Elf:1    | Reached skill level 10 in Earth Magic
 45219 | Elf:1    | Offered knowledge of Fire Storm by Vehumet.
 45219 | Elf:1    | Offered knowledge of Chain Lightning by Vehumet.
 45219 | Elf:1    | Offered knowledge of Ignition by Vehumet.
 45542 | Elf:1    | Reached skill level 10 in Spellcasting
 45587 | Elf:1    | Gained mutation: You are powered by pain. [demonic
                  | ancestry]
 45587 | Elf:1    | Reached XP level 18. HP: 162/162 MP: 4/32
 46214 | Elf:1    | Reached skill level 16 in Ice Magic
 46642 | Elf:1    | Paralysed by an air elemental for 1 turns
 47079 | Elf:2    | Identified the +1 chain mail of the Tormentor {SInv}
 47238 | Elf:2    | Found a runed translucent gate.
 47238 | Elf:2    | Found a runed translucent gate.
 47238 | Elf:2    | Found a runed translucent gate.
 47675 | Elf:2    | Found Qaucsin's Armour Emporium.
 47740 | Elf:2    | Bought a +2 pair of boots for 264 gold pieces
 47950 | Elf:3    | Entered Level 3 of the Elven Halls
 48048 | Elf:3    | Noticed Donald
 48051 | Elf:3    | Killed Donald
 48332 | Elf:3    | Paralysed by an air elemental for 1 turns
 48537 | Elf:3    | Paralysed by an air elemental for 1 turns
 49901 | Elf:3    | Reached skill level 17 in Ice Magic
 49931 | Abyss:3  | Cast into level 3 of the Abyss (a deep elf demonologist)
 50008 | Abyss:3  | Found a corrupted altar of Lugonu.
 50072 | Elf:3    | Escaped the Abyss
 50394 | Elf:3    | Identified the +8 dagger of Brewing Evisceration {spect,
                  | rN++ Dex+2 Stlth+}
 50792 | Elf:3    | Identified the +1 leather armour of Restlessness {rC+++
                  | Will- Regen+ SInv}
 50796 | Elf:3    | Identified the ring of Affeox {rCorr SInv}
 50857 | Elf:3    | Reached XP level 19. HP: 71/172 MP: 33/33
 51272 | Elf:3    | Got the Almanac of Blasting and Charms
 51290 | Elf:3    | Found the +10 Black Knight's barding {ponderous, rPois rN+}
 51920 | Swamp:1  | Entered Level 1 of the Swamp
 52581 | Swamp:1  | Reached skill level 18 in Ice Magic
 52581 | Swamp:1  | Reached XP level 20. HP: 181/181 MP: 34/34
 52801 | Swamp:1  | Identified the +1 robe "Lecampusch" {rF+ Will+ Str+2
                  | Archmagi}
 52995 | Swamp:1  | Identified the +3 chain mail of Soft Rains {rPois Regen+
                  | Int+5}
 53970 | Swamp:2  | Noticed Louise
 54111 | Swamp:2  | Killed Louise
 54960 | Swamp:3  | Noticed Roxanne
 55604 | Swamp:3  | Reached skill level 5 in Shields
 56546 | Swamp:4  | Entered Level 4 of the Swamp
 57373 | Swamp:4  | Reached skill level 10 in Conjurations
 57613 | Swamp:4  | Noticed Mlioglotl
 57624 | Swamp:4  | Paralysed by a fenstrider witch for 3 turns
 58654 | Swamp:4  | Got a decaying rune of Zot
 59033 | Snake:4  | Killed Bai Suzhen
 59102 | Snake:4  | Got a serpentine rune of Zot
 59407 | Vaults:1 | Entered Level 1 of the Vaults
 60964 | Vaults:1 | Gained mutation: Your touch may irresistibly damage your
                  | foes and sap their willpower. [demonic ancestry]
 60964 | Vaults:1 | Reached XP level 21. HP: 178/195 MP: 13/35
 61151 | Vaults:1 | Identified the +10 arbalest "Qoolulor" {speed, Dex+2}
 62401 | Vaults:2 | Found Qop Rerch's Jewellery Emporium.
 62497 | Vaults:2 | HP: 6/195 [yaktaur captain/bolt (32)]
 63032 | Vaults:2 | Found Cawaorai's Distillery.
 63089 | Vaults:2 | Reached skill level 1 in Maces & Flails
 64535 | Vaults:2 | Found Ivour's Weapon Boutique.
 64591 | Vaults:2 | Found Tofod's Antique Armour Emporium.
 64854 | Vaults:3 | Paralysed by a great orb of eyes for 5 turns
 65607 | Vaults:3 | Found a staircase to the Crypt.
 65641 | Vaults:3 | Reached skill level 5 in Maces & Flails
 66010 | Vaults:3 | Identified the +1 robe "Dyugatag" {Int+4}
 66126 | Vaults:3 | Reached skill level 19 in Ice Magic
 66256 | Vaults:3 | Found the +5 glaive of the Guard {elec, spectral, AC+5}
 66585 | Vaults:4 | Gained mutation: You punish those that try to bend your
                  | will. (Will+) [demonic ancestry]
 66585 | Vaults:4 | Reached XP level 22. HP: 93/203 MP: 36/36
 67131 | Vaults:4 | Found Kedall's Magic Scroll Shop.
 67146 | Vaults:4 | Bought a scroll of teleportation for 57 gold pieces
 67146 | Vaults:4 | Bought a scroll of teleportation for 57 gold pieces
 67146 | Vaults:4 | Bought a scroll of teleportation for 57 gold pieces
 67146 | Vaults:4 | Bought a scroll of fear for 76 gold pieces
 67974 | Vaults:4 | Reached skill level 10 in Shields
 68769 | D:15     | Found a staircase to the Depths.
 68813 | Depths:1 | Entered Level 1 of the Depths
 68897 | Depths:1 | Found an ancient bone altar of Kikubaaqudgha.
 69248 | Depths:1 | Found a one-way gateway to a ziggurat.
 69501 | Depths:1 | Found Kaitwoang's General Store.
 69503 | Depths:1 | Found Soxzuf's Armour Shop.
 69988 | Depths:1 | Found Big Baal Hell's Store.
 69995 | Depths:1 | Reached skill level 20 in Ice Magic
 70033 | Depths:1 | Found a gateway to Hell.
 70036 | Depths:1 | Bought the +0 helmet of Misanthropy {rC+, Dex+6} for 1920
                  | gold pieces
 70271 | Depths:1 | Bought a potion of brilliance for 84 gold pieces
 70271 | Depths:1 | Bought a scroll of magic mapping for 157 gold pieces
 70497 | Depths:1 | Learned a level 9 spell: Polar Vortex
 71416 | Depths:2 | Identified the +10 trident "Ycehouth" {vorpal, rPois}
 71463 | Depths:2 | Found a one-way gate to the infinite horrors of the Abyss.
 72312 | Depths:2 | Noticed a juggernaut
 72379 | Depths:2 | Paralysed by a floating eye for 2 turns
 72471 | Depths:2 | Noticed a caustic shrike
 72474 | Depths:2 | Killed a caustic shrike
 72475 | Depths:2 | Reached skill level 21 in Ice Magic
 72881 | Depths:2 | Gained mutation: You are resistant to unholy torment.
                  | [demonic ancestry]
 72881 | Depths:2 | Reached XP level 23. HP: 181/209 MP: 37/37
 72920 | Depths:2 | Noticed a juggernaut
 73397 | Depths:2 | Found a one-way gate leading to the halls of Pandemonium.
 74032 | Depths:3 | Found an iron altar of Okawaru.
 74697 | Depths:3 | Reached skill level 10 in Armour
 75402 | Depths:4 | Entered Level 4 of the Depths
 75556 | Depths:4 | Reached skill level 22 in Ice Magic
 76008 | Depths:4 | Found a gate to the Realm of Zot.
 76148 | Depths:4 | Noticed a caustic shrike
 76148 | Depths:4 | Noticed a caustic shrike
 76148 | Depths:4 | Noticed a caustic shrike
 76151 | Depths:4 | Noticed a caustic shrike
 76155 | Depths:4 | Killed a caustic shrike
 76156 | Depths:4 | Killed a caustic shrike
 76158 | Depths:4 | Killed a caustic shrike
 76160 | Depths:4 | Killed a caustic shrike
 76332 | Depths:4 | Found a radiant altar of Vehumet.
 76632 | Depths:4 | Found Radioz's Weapon Boutique.
 77456 | Zig:1    | Entered Level 1 of a ziggurat
 77511 | Zig:2    | Entered Level 2 of a ziggurat
 77543 | Zig:3    | Entered Level 3 of a ziggurat
 77585 | Zig:4    | Entered Level 4 of a ziggurat
 77588 | Zig:4    | Noticed Oklizus the pandemonium lord
 77595 | Zig:4    | Killed Oklizus the pandemonium lord
 77611 | Zig:4    | Identified the +4 great sword of Wounding {pain, Will+}
 77675 | Zig:5    | Entered Level 5 of a ziggurat
 77747 | Zig:6    | Entered Level 6 of a ziggurat
 77852 | Zig:7    | Entered Level 7 of a ziggurat
 77928 | Zig:7    | Noticed Erhaac the pandemonium lord
 77930 | Zig:7    | Reached skill level 23 in Ice Magic
 77937 | Zig:7    | Killed Erhaac the pandemonium lord
 77943 | Zig:7    | Identified the amulet of Icoipeu {Acrobat +Blink}
 78049 | Zig:8    | Entered Level 8 of a ziggurat
 78064 | Zig:8    | Reached XP level 24. HP: 218/218 MP: 36/37
 78073 | Zig:8    | Got the Catalogue of Frigorific Putrescence
 78081 | Zig:8    | Reached XP level 25. HP: 224/224 MP: 37/37
 78084 | Zig:8    | Identified the +0 leather armour of Busoypp {rN+}
 78086 | Zig:8    | Identified the +11 halberd of Popular Demand {antimagic,
                  | Str+3 Int+4}
 78094 | Zig:9    | Entered Level 9 of a ziggurat
 78132 | Zig:9    | Identified the +8 long sword of the Warrior {vamp, rN+
                  | Str+2}
 78162 | Zig:10   | Entered Level 10 of a ziggurat
 78172 | Zig:10   | Paralysed by an air elemental for 1 turns
 78176 | Zig:10   | Reached skill level 24 in Ice Magic
 78193 | Zig:10   | Identified the +1 rapier of Tenacity {flame, Int+6 Dex+4}
 78282 | Zig:11   | Entered Level 11 of a ziggurat
 78290 | Zig:11   | Noticed a juggernaut
 78294 | Zig:11   | Found the +2 shield of Resistance {rF++ rC++ Will++}
 78299 | Zig:11   | HP: 11/224 [stone giant (18)]
 78825 | Slime:1  | Entered Level 1 of the Pits of Slime
 79156 | Slime:5  | Entered Level 5 of the Pits of Slime
 79246 | Slime:5  | Noticed the Royal Jelly
 79370 | Slime:5  | Reached skill level 10 in Dodging
 79390 | Slime:5  | Gained mutation: You are frail. (-10% HP) [a shining eye]
 79449 | Slime:5  | Killed the Royal Jelly
 79554 | Slime:5  | Identified the +0 cloak of Ignis's Delight {Will+}
 79615 | Slime:5  | Got a slimy rune of Zot
 79633 | Slime:5  | Identified the ring "Ufeseix" {MP+9 Stlth+}
 79677 | Slime:5  | Identified the +6 spear "Biabudghaic" {drain, Dex+8 SInv}
 79684 | Slime:5  | Identified the +10 dagger of Gin and Tonic {pain, rElec rF+
                  | Int+7 Dex+3}
 80269 | Vaults:5 | Entered Level 5 of the Vaults
 80319 | Vaults:5 | Identified the +11 scimitar of the Inferno {speed, Stlth+}
 80319 | Vaults:5 | Identified the +5 robe of Intuition {Fly}
 80437 | Vaults:5 | Identified the +4 hand axe of Due Proportion {drain, Str-4
                  | Dex+6}
 80643 | Vaults:5 | Learned a level 8 spell: Ignition
 80644 | Vaults:5 | Acquired the +2 pair of boots "Ysos" {rCorr}
 80766 | Vaults:5 | Identified the +0 buckler of Virtue {-Cast Harm SInv}
 80880 | Vaults:5 | Reached skill level 10 in Fire Magic
 80880 | Vaults:5 | Noticed an ancient lich
 81661 | Vaults:5 | Reached XP level 26. HP: 209/211 MP: 33/38
 81661 | Vaults:5 | Lost mutation: You are frail. (-10% HP) [potion of
                  | mutation]
 81661 | Vaults:5 | Gained mutation: You are weak. (Str -2) [potion of
                  | mutation]
 81661 | Vaults:5 | Gained mutation: You have large cloven feet. [potion of
                  | mutation]
 81707 | Vaults:5 | Noticed an ancient lich
 81708 | Vaults:5 | Noticed an ancient lich
 81712 | Vaults:5 | Killed an ancient lich
 81719 | Vaults:5 | Killed an ancient lich
 81962 | Vaults:5 | Identified the ring "Etacear" {Ice rN++ Str-5 Int+4 Stlth+}
 82019 | Vaults:5 | Killed an ancient lich
 82182 | Vaults:5 | Noticed Xtahua
 82187 | Vaults:5 | Killed Xtahua
 82368 | Vaults:5 | Found Omitant's Distillery.
 82369 | Vaults:5 | Found Benagywess's Distillery.
 82369 | Vaults:5 | Found Boali's Jewellery Shoppe.
 82373 | Vaults:5 | Bought a potion of magic for 80 gold pieces
 82373 | Vaults:5 | Bought a potion of brilliance for 40 gold pieces
 82383 | Vaults:5 | Bought a potion of haste for 200 gold pieces
 82383 | Vaults:5 | Bought a potion of haste for 200 gold pieces
 82468 | Vaults:5 | Found Nehyt's Book Boutique.
 82583 | Vaults:5 | Got the Compendium of the Storm
 82586 | Vaults:5 | Got the Reference Book on Heat and the Dead
 82671 | Vaults:5 | Got a silver rune of Zot
 82840 | Crypt:1  | Entered Level 1 of the Crypt
 82987 | Crypt:1  | Found a magical portal.
 83001 | WizLab   | Entered The Roulette of Golubria
 83001 | WizLab   | Found a transporter.
 83092 | WizLab   | Found a corrupted altar of Lugonu.
 83203 | WizLab   | Found a transporter.
 83217 | WizLab   | Found a transporter.
 83236 | WizLab   | Found a transporter.
 83258 | WizLab   | Found a transporter.
 83278 | WizLab   | Found a transporter.
 83282 | WizLab   | Found a corrupted altar of Lugonu.
 83400 | WizLab   | Found a transporter.
 83505 | WizLab   | Found a transporter.
 83530 | WizLab   | Found a transporter.
 83557 | WizLab   | Found a transporter.
 83557 | WizLab   | Found a transporter.
 83577 | WizLab   | Identified the -2 cloak of Houtiur {Stlth+}
 83579 | WizLab   | Identified the ring "Usemeofa" {MP+9 Int+6 Slay-5 Stlth+}
 83581 | WizLab   | Identified the +5 cloak of the Hart {Harm Str+7 Stlth+}
 83583 | WizLab   | Got the Vellum of Shifting
 83589 | WizLab   | Identified the +1 cloak "Wisesarch" {rC+ Dex+4}
 83638 | WizLab   | Found a transporter.
 83649 | WizLab   | Found a transporter.
 83649 | WizLab   | Found a transporter.
 83670 | WizLab   | Found a transporter.
 83693 | WizLab   | Found a transporter.
 83700 | WizLab   | Found a transporter.
 83700 | WizLab   | Found a transporter.
 84022 | Crypt:1  | Reached skill level 15 in Fire Magic
 85760 | Crypt:3  | Entered Level 3 of the Crypt
 85921 | Crypt:3  | Identified the +5 morningstar "Janwuko" {vorpal, Fly rElec
                  | Dex+2}
 86158 | Crypt:3  | Found a basalt altar of Yredelemnul.
 86472 | Crypt:3  | Reached skill level 1 in Necromancy
 86484 | Crypt:3  | Gained mutation: You can hurl damnation. [demonic ancestry]
 86484 | Crypt:3  | Reached XP level 27. HP: 239/239 MP: 35/38
 86506 | Crypt:3  | Identified the ring of Xom's Indignation {rF+ rC+ rN+ MP+9
                  | Stlth+}
 86522 | Crypt:3  | Identified the ring of Canotudd {rN+ Will+ Str+7 Stlth-}
 86522 | Crypt:3  | Identified the amulet "Rexiu" {+Inv Will- Regen+ Int+2}
 86572 | Crypt:3  | Found a staircase to the Tomb.
 86572 | Crypt:3  | Noticed a dread lich
 86576 | Crypt:3  | Killed a dread lich
 87261 | Depths:2 | Voluntarily entered the Abyss.
 87330 | Abyss:4  | Found a corrupted altar of Lugonu.
 87380 | Depths:2 | Escaped the Abyss
 87384 | Depths:2 | Voluntarily entered the Abyss.
 87529 | Abyss:4  | Reached skill level 10 in Transmutations
 87536 | Abyss:4  | Got an abyssal rune of Zot
 87570 | Abyss:4  | Reached skill level 5 in Stealth
 87634 | Abyss:4  | Reached skill level 5 in Necromancy
 87692 | Depths:2 | Escaped the Abyss
 87703 | Depths:2 | Learned a level 8 spell: Necromutation
 87763 | Pan      | Entered Pandemonium
 87810 | Pan      | Found an exit through the horrors of the Abyss.
 88139 | Pan      | Noticed Derollas the pandemonium lord
 88148 | Pan      | Killed Derollas the pandemonium lord
 88298 | Pan      | Entered the realm of Cerebov.
 88606 | Pan      | Found the +6 sword of Cerebov {flame}
 88606 | Pan      | Noticed Cerebov
 88618 | Pan      | Killed Cerebov
 88632 | Pan      | Got a fiery rune of Zot
 88679 | Pan      | Identified the +1 pair of boots of Peek-a-Boo {rElec rN+}
 88758 | Pan      | Got the Atlas of Dusty Beckoning
 88769 | Pan      | Identified the +10 short sword "Tessuv Licyl" {venom,
                  | rPois}
 88872 | Pan      | Got the Catalogue of Apparitions and Embers
 88876 | Pan      | Identified the ring "Ixomeg" {Contam rC+ Int+5}
 88880 | Pan      | Identified the +2 robe "Vonovvox" {*Slow Str+3 Int+4}
 88906 | Pan      | Reached skill level 10 in Necromancy
 89421 | Pan      | Noticed Aprao the pandemonium lord
 89443 | Pan      | Killed Aprao the pandemonium lord
 89486 | Pan      | Got a demonic rune of Zot
 89659 | Pan      | Gained mutation: You have a pair of small horns on your
                  | head. [a cacodemon]
 90089 | Pan      | Noticed Satodah the pandemonium lord
 90102 | Pan      | Killed Satodah the pandemonium lord
 90502 | Pan      | Found an exit through the horrors of the Abyss.
 90943 | Pan      | Identified the +7 great sword "Piett" {elec, SInv}
 90996 | Pan      | Found a huge runed translucent gate.
 90997 | Pan      | Found a huge runed translucent gate.
 90998 | Pan      | Found a huge runed translucent gate.
 90998 | Pan      | Found a huge runed translucent gate.
 90998 | Pan      | Found a huge runed translucent gate.
 90998 | Pan      | Found a huge runed translucent gate.
 91026 | Pan      | Reached skill level 15 in Transmutations
 91065 | Pan      | Gained mutation: Your flesh is heat resistant. (rF+) [a
                  | neqoxec]
 91393 | Pan      | Entered the realm of Lom Lobon.
 92232 | Pan      | Noticed Lom Lobon
 92244 | Pan      | Got a magical rune of Zot
 92530 | Pan      | Noticed Fiesan the pandemonium lord
 92536 | Pan      | Killed Fiesan the pandemonium lord
 92537 | Pan      | Noticed Mennas
 92546 | Pan      | Killed Mennas
 92679 | Pan      | Identified the +4 war axe of Pride {flame, rElec rN+ Int-2
                  | Dex+5}
 92746 | Pan      | Reached skill level 15 in Necromancy
 92759 | Pan      | Noticed Ublownel the pandemonium lord
 92848 | Pan      | Killed Ublownel the pandemonium lord
 92850 | Pan      | Noticed Lom Lobon
 92859 | Pan      | Identified the +0 buckler of the Ecumenical Temple {Drain
                  | rPois rF- rCorr}
 92862 | Pan      | Entered the realm of Gloorx Vloq.
 93149 | Pan      | Noticed Lom Lobon
 93172 | Pan      | Killed Lom Lobon
 93301 | Pan      | Lost mutation: Your flesh is heat resistant. (rF+) [potion
                  | of mutation]
 93301 | Pan      | Lost mutation: You have large cloven feet. [potion of
                  | mutation]
 93301 | Pan      | Lost mutation: You are weak. (Str -2) [potion of mutation]
 93301 | Pan      | Gained mutation: You have hidden genetic potential. [potion
                  | of mutation]
 93301 | Pan      | Gained mutation: You are frail. (-10% HP) [potion of
                  | mutation]
 93301 | Pan      | Gained mutation: Your spells are a little harder to cast,
                  | but a little more powerful. [potion of mutation]
 93302 | Pan      | Lost mutation: You have a pair of small horns on your head.
                  | [potion of mutation]
 93302 | Pan      | Lost mutation: Your spells are a little harder to cast, but
                  | a little more powerful. [potion of mutation]
 93302 | Pan      | Gained mutation: You have a pair of small horns on your
                  | head. [potion of mutation]
 93302 | Pan      | Gained mutation: Your spells are a little harder to cast,
                  | but a little more powerful. [potion of mutation]
 93303 | Pan      | Lost mutation: You have hidden genetic potential. [potion
                  | of mutation]
 93303 | Pan      | Lost mutation: You have a pair of small horns on your head.
                  | [potion of mutation]
 93303 | Pan      | Lost mutation: Your spells are a little harder to cast, but
                  | a little more powerful. [potion of mutation]
 93303 | Pan      | Gained mutation: You have sharp toenails. [potion of
                  | mutation]
 93303 | Pan      | Gained mutation: You sometimes lose your temper in combat.
                  | [potion of mutation]
 93303 | Pan      | Gained mutation: You have a pair of small horns on your
                  | head. [potion of mutation]
 93304 | Pan      | Lost mutation: You have a pair of small horns on your head.
                  | [potion of mutation]
 93304 | Pan      | Lost mutation: You have sharp toenails. [potion of
                  | mutation]
 93304 | Pan      | Gained mutation: You have large cloven feet. [potion of
                  | mutation]
 93304 | Pan      | Gained mutation: You are agile. (Dex +4, Str/Int -1)
                  | [potion of mutation]
 93304 | Pan      | Gained mutation: Your muscles are strong. (Str +4, Int/Dex
                  | -1) [potion of mutation]
 93305 | Pan      | Lost mutation: You are frail. (-10% HP) [potion of
                  | mutation]
 93305 | Pan      | Lost mutation: You have large cloven feet. [potion of
                  | mutation]
 94015 | Pan      | Noticed Gloorx Vloq
 94023 | Pan      | Killed Gloorx Vloq
 94036 | Pan      | Got a dark rune of Zot
 94484 | Pan      | Noticed Adaruschasch the pandemonium lord
 94494 | Pan      | Entered the realm of Mnoleg.
 94513 | Pan      | Noticed Mnoleg
 94522 | Pan      | Killed Mnoleg
 94525 | Pan      | Paralysed by a floating eye for 2 turns
 94559 | Pan      | Got a glowing rune of Zot
 94572 | Pan      | Identified the +5 morningstar of Ambiguity {speed, rPois
                  | rN++ Dex-3 Stlth+}
 94703 | Pan      | Noticed Misupt the pandemonium lord
 94710 | Pan      | Killed Misupt the pandemonium lord
 94749 | Pan      | Found an exit through the horrors of the Abyss.
 94754 | Pan      | Took an exit into the Abyss.
 94754 | Abyss:4  | Escaped into the Abyss
 94807 | Depths:2 | Escaped the Abyss
 94906 | Hell     | Entered the Vestibule of Hell
 94906 | Hell     | Noticed Geryon
 94914 | Hell     | Killed Geryon
 95336 | Hell     | Found a gateway to the decaying netherworld of Tartarus.
 95485 | Hell     | Found a gateway to the Iron City of Dis.
 95518 | Hell     | Found a gateway to the ashen valley of Gehenna.
 95579 | Hell     | Found a gateway to the freezing wastes of Cocytus.
 95605 | Geh:1    | Entered Level 1 of Gehenna
 96507 | Geh:6    | Reached skill level 10 in Air Magic
 97090 | Geh:7    | Entered Level 7 of Gehenna
 97396 | Geh:7    | Identified the +4 morningstar of the Stopping Visionary
                  | {flame, Str+4 Dex+3 Stlth-}
 97816 | Geh:7    | Identified the amulet "Buun" {RegenMP -Tele rPois rC++ rN+}
 98064 | Geh:7    | Identified the amulet of Feakob {rC+ Will+ Regen+ MP+9}
 98472 | Geh:7    | Found the +7 sceptre of Asmodeus
 98472 | Geh:7    | Noticed Asmodeus
 98489 | Geh:7    | Killed Asmodeus
 98500 | Geh:7    | Got an obsidian rune of Zot
 98692 | Hell     | Learned a level 8 spell: Maxwell's Capacitive Coupling
 98759 | Tar:1    | Entered Level 1 of Tartarus
 98798 | Hell     | Learned a level 4 spell: Dispel Undead
 99697 | Tar:4    | Noticed a dread lich
 99698 | Tar:4    | Noticed an ancient lich
 99702 | Tar:4    | Killed a dread lich
 99703 | Tar:4    | Killed an ancient lich
 99706 | Tar:4    | Reached skill level 15 in Dodging
 99860 | Tar:4    | Noticed an ancient lich
 99862 | Tar:4    | Noticed an ancient lich
 99868 | Tar:4    | Killed an ancient lich
 99870 | Tar:4    | Killed an ancient lich
100397 | Tar:5    | Reached skill level 15 in Air Magic
100766 | Tar:6    | Gained mutation: Potions are less effective at restoring
                  | your health. [mutagenic glow]
100774 | Tar:7    | Entered Level 7 of Tartarus
101016 | Tar:7    | Noticed a dread lich
101023 | Tar:7    | Killed a dread lich
101231 | Tar:7    | Noticed a dread lich
101241 | Tar:7    | Killed a dread lich
101251 | Tar:7    | Reached skill level 15 in Spellcasting
101732 | Tar:7    | Noticed a dread lich
101738 | Tar:7    | Paralysed by a dread lich for 2 turns
101740 | Tar:7    | Killed a dread lich
102079 | Tar:7    | Noticed Ereshkigal
102147 | Tar:7    | Killed Ereshkigal
102157 | Tar:7    | Got a bone rune of Zot
102226 | Tar:7    | Noticed an ancient lich
102266 | Coc:1    | Entered Level 1 of Cocytus
102424 | Coc:2    | Noticed an ancient lich
102429 | Coc:2    | Killed an ancient lich
103860 | Coc:5    | Reached skill level 15 in Conjurations
104132 | Coc:7    | Entered Level 7 of Cocytus
104430 | Coc:7    | Paralysed by a wendigo for 1 turns
105144 | Coc:7    | Noticed Antaeus
105148 | Coc:7    | Killed Antaeus
105234 | Coc:7    | Got the Compilation of Command and Unhallowed Arts
105244 | Coc:7    | Got an icy rune of Zot
105465 | Hell     | Learned a level 9 spell: Chain Lightning
105500 | Dis:1    | Entered Level 1 of the Iron City of Dis
106721 | Dis:5    | You fall into a shaft and drop 1 floor!
107003 | Dis:7    | Entered Level 7 of the Iron City of Dis
107127 | Dis:7    | Noticed a juggernaut
107133 | Dis:7    | Killed a juggernaut
107600 | Dis:7    | Identified the ring "Fesolluz" {rF+ Dex+2}
107968 | Dis:7    | Noticed a juggernaut
107975 | Dis:7    | Killed a juggernaut
108091 | Dis:7    | Noticed a juggernaut
108091 | Dis:7    | Noticed the Serpent of Hell
108098 | Dis:7    | Killed a juggernaut
108102 | Dis:7    | Killed the Serpent of Hell
108325 | Dis:7    | Found the +4 staff of Dispater
108325 | Dis:7    | Noticed Dispater
108648 | Dis:7    | Killed Dispater
108661 | Dis:7    | Identified the ring "Ryxzer" {rN++ rCorr Int-5 SInv Stlth+}
108663 | Dis:7    | Got an iron rune of Zot
108668 | Dis:7    | Identified the +7 mace of Fatigue {freeze, *Slow rElec
                  | Dex+4}
108884 | Zot:1    | Entered Level 1 of the Realm of Zot
109343 | Zot:2    | You fall into a shaft and drop 1 floor!
109461 | Zot:2    | Noticed an orb of fire
109465 | Zot:2    | Gained mutation: Your body sometimes deteriorates upon
                  | taking damage. [an orb of fire]
109467 | Zot:2    | Killed an orb of fire
109896 | Zot:1    | Noticed an orb of fire
109901 | Zot:1    | Killed an orb of fire
110467 | Zot:5    | Entered Level 5 of the Realm of Zot
111732 | Zot:5    | Noticed an ancient lich
111735 | Zot:5    | Noticed an orb of fire
111738 | Zot:5    | Killed an ancient lich
111740 | Zot:5    | Killed an orb of fire
111742 | Zot:5    | Noticed an ancient lich
111743 | Zot:5    | Noticed an orb of fire
111760 | Zot:4    | Killed an ancient lich
111952 | Zot:5    | Killed an orb of fire
112387 | Zot:5    | Noticed an orb of fire
112388 | Zot:5    | Reached skill level 10 in Maces & Flails
112390 | Zot:5    | Noticed an ancient lich
112404 | Zot:5    | Noticed an orb of fire
112411 | Zot:5    | Killed an orb of fire
112447 | Zot:5    | Killed an orb of fire
112455 | Zot:5    | Noticed a dread lich
112461 | Zot:5    | Killed a dread lich
112632 | Zot:5    | Killed an ancient lich
112892 | Zot:5    | Got the Orb of Zot
113161 | Zot:1    | Noticed Ageox the pandemonium lord
113303 | D:15     | Noticed Pimufedi the pandemonium lord
113309 | D:15     | Killed Pimufedi the pandemonium lord
113356 | D:14     | Noticed Rooluwiv the pandemonium lord
113374 | D:14     | Killed Rooluwiv the pandemonium lord
113571 | Vaults:3 | Lost mutation: You are agile. (Dex +4, Str/Int -1) [potion
                  | of mutation]
113571 | Vaults:3 | Lost mutation: Your muscles are strong. (Str +4, Int/Dex
                  | -1) [potion of mutation]
113571 | Vaults:3 | Gained mutation: You have hidden genetic potential. [potion
                  | of mutation]
113571 | Vaults:3 | Gained mutation: You are clumsy. (Dex -2) [potion of
                  | mutation]
113571 | Vaults:3 | Gained mutation: You expend magic power (3 MP) to
                  | strengthen your wands. [potion of mutation]
113571 | Vaults:3 | Gained mutation: Your flesh is heat resistant. (rF+)
                  | [potion of mutation]
113572 | Vaults:3 | Lost mutation: Your flesh is heat resistant. (rF+) [potion
                  | of mutation]
113572 | Vaults:3 | Lost mutation: You expend magic power (3 MP) to strengthen
                  | your wands. [potion of mutation]
113572 | Vaults:3 | Gained mutation: You passively map a small area around you.
                  | [potion of mutation]
113572 | Vaults:3 | Gained mutation: You have great hidden genetic potential.
                  | [potion of mutation]
113572 | Vaults:3 | Noticed Meyt the pandemonium lord
113579 | Vaults:3 | Killed Meyt the pandemonium lord
113633 | Vaults:3 | Lost mutation: You sometimes lose your temper in combat.
                  | [potion of mutation]
113633 | Vaults:3 | Lost mutation: Your body sometimes deteriorates upon taking
                  | damage. [potion of mutation]
113633 | Vaults:3 | Gained mutation: You occasionally lose the ability to read
                  | scrolls when taking damage. [potion of mutation]
113633 | Vaults:3 | Lost mutation: You occasionally lose the ability to read
                  | scrolls when taking damage. [potion of mutation]
113633 | Vaults:3 | Lost mutation: You are clumsy. (Dex -2) [potion of
                  | mutation]
113920 | Tomb:1   | Entered Level 1 of the Tomb of the Ancients
114043 | Tomb:1   | Noticed a royal mummy
114048 | Tomb:1   | Killed a royal mummy
114080 | Tomb:1   | Noticed a royal mummy
114086 | Tomb:1   | Killed a royal mummy
114153 | Tomb:1   | Noticed Kunn the pandemonium lord
114159 | Tomb:1   | Killed Kunn the pandemonium lord
114181 | Tomb:1   | Reached skill level 15 in Maces & Flails
114494 | Tomb:1   | Noticed a seraph
114498 | Tomb:1   | Killed a seraph
114599 | Tomb:2   | Noticed a royal mummy
114605 | Tomb:2   | Killed a royal mummy
114606 | Tomb:2   | Noticed a royal mummy
114606 | Tomb:2   | Noticed a royal mummy
114608 | Tomb:2   | Noticed a royal mummy
114615 | Tomb:2   | Killed a royal mummy
114615 | Tomb:2   | Killed a royal mummy
114616 | Tomb:2   | Killed a royal mummy
115248 | Tomb:1   | Noticed a royal mummy
115248 | Tomb:1   | Noticed a royal mummy
115248 | Tomb:1   | Noticed a royal mummy
115248 | Tomb:1   | Noticed a royal mummy
115248 | Tomb:1   | Noticed a royal mummy
115251 | Tomb:1   | Killed a royal mummy
115253 | Tomb:1   | Killed a royal mummy
115253 | Tomb:1   | Killed a royal mummy
115254 | Tomb:1   | Killed a royal mummy
115256 | Tomb:1   | Killed a royal mummy
115257 | Tomb:1   | Noticed a royal mummy
115257 | Tomb:1   | Noticed a royal mummy
115259 | Tomb:1   | Noticed a royal mummy
115260 | Tomb:1   | Noticed a royal mummy
115262 | Tomb:1   | Noticed a royal mummy
115555 | Tomb:1   | Noticed a royal mummy
115555 | Tomb:1   | Noticed a royal mummy
115555 | Tomb:1   | Noticed a royal mummy
115557 | Tomb:1   | Killed a royal mummy
115559 | Tomb:1   | Killed a royal mummy
115559 | Tomb:1   | Killed a royal mummy
115561 | Tomb:1   | Killed a royal mummy
115565 | Tomb:1   | Noticed a royal mummy
115567 | Tomb:1   | Noticed a royal mummy
115570 | Tomb:1   | Killed a royal mummy
115570 | Tomb:1   | Killed a royal mummy
115570 | Tomb:1   | Killed a royal mummy
115571 | Tomb:1   | Killed a royal mummy
115573 | Tomb:1   | Killed a royal mummy
115575 | Tomb:1   | Killed a royal mummy
115610 | Tomb:1   | Noticed a royal mummy
115618 | Tomb:1   | Killed a royal mummy
115720 | Tomb:1   | Noticed a royal mummy
115722 | Tomb:1   | Noticed a royal mummy
115726 | Tomb:1   | Killed a royal mummy
115730 | Tomb:1   | Killed a royal mummy
116015 | Tomb:1   | Noticed a royal mummy
116021 | Tomb:1   | Killed a royal mummy
116298 | Tomb:3   | Entered Level 3 of the Tomb of the Ancients
116319 | Tomb:3   | Noticed a royal mummy
116320 | Tomb:3   | Noticed a royal mummy
116325 | Tomb:3   | Killed a royal mummy
116325 | Tomb:3   | Killed a royal mummy
116360 | Tomb:3   | Noticed Khufu
116360 | Tomb:3   | Noticed a royal mummy
116365 | Tomb:3   | Killed Khufu
116366 | Tomb:3   | Killed a royal mummy
116366 | Tomb:3   | Noticed a royal mummy
116379 | Tomb:3   | Killed a royal mummy
116455 | Tomb:3   | Noticed a royal mummy
116466 | Tomb:3   | Killed a royal mummy
116473 | Tomb:3   | Noticed a royal mummy
116476 | Tomb:3   | Noticed a royal mummy
116478 | Tomb:3   | Noticed a royal mummy
116481 | Tomb:3   | Killed a royal mummy
116482 | Tomb:3   | Killed a royal mummy
116489 | Tomb:3   | Killed a royal mummy
116496 | Tomb:3   | Found the +3 warlock's mirror {reflect}
116499 | Tomb:3   | Found the +5 sword of Power {vorpal}
116514 | Tomb:3   | Identified the ring of Gofool {rPois rN+++ Will++ rCorr
                  | Stlth-}
116580 | Tomb:3   | Got a golden rune of Zot
116683 | Tomb:1   | Noticed Useopuok the pandemonium lord
116689 | Tomb:1   | Killed Useopuok the pandemonium lord
116741 | Tomb:1   | Killed from afar by a Tzitzimitl

Illustrated notes

Levels and vault maps discovered:
D:1:      heliophobic_arrival_henge, layout_basic
D:2:      layout_loops_ring, dreamdust_ecumenical_altar_statues, serial_shops,
          shop, fountainhead, uniq_robin
D:3:      layout_basic, uniq_ijyb, uniq_sigmund
D:4:      layout_loops_cross, amcnicky_altar_gilded,
          minmay_temple_entry_drinking_statues
D:5:      kennysheep_windowed_halls, layout_loops_ring, elyvilon_altar_3,
          minmay_fractal_squares_diagonal_5
D:6:      layout_gridville, nicolae_ru_sacrificial_ziggurat,
          gammafunk_temple_overflow_wave
D:7:      layout_rooms, mainiacjoe_overflow_alcove_2,
          mainiacjoe_overflow_alcove_1
D:8:      layout_gridville, grunt_gozag_statues,
          mainiacjoe_overflow_six_doors_small, minmay_pinched_square,
          uniq_maggie
D:9:      minmay_quarter_circles, layout_rooms, mainiacjoe_overflow_catwalk,
          grunt_dithmenos_smoke, dpeg_lair_monsters, kb_rosetta
D:10:     layout_loops_ring, lightli_temple_of_fire, serial_shops,
          nicolae_take_the_stairs
D:11:     layout_loops_cross, uniq_snorg, uniq_psyche
D:12:     layout_big_octagon, nicolae_looking_at_the_future, uniq_nessos,
          uniq_azrael
D:13:     layout_roguey, nzn_ghost_randoct, serial_shops,
          nicolae_shop_temple_entry_statues_fountains
D:14:     layout_irregular_city, grunt_vaults_entry_tiered,
          kennysheep_crisscross, ebering_ghost_rock_garden,
          portal_ice_cave_entry_dragon, makhleb_altar_promises_db
D:15:     grunt_enter_depths_snipers, layout_gridville, minmay_splitting_lines,
          chequers_serial_rivers_room_b, grunt_decor_one_mirror,
          pdpol_wu_jian_five_deadly_venoms, uniq_agnes
Temple:   compressed_dpeg_circular_temple
Lair:1:   layout_loops_ring, evilmike_ambush [evilmike_ambush_outer_corners,
          evilmike_ambush_inner_pond], grunt_megastairs_5
Lair:2:   layout_regular_city, palyth_hydra_swamp_entry,
          guppyfry_snake_entry_garden
Lair:3:   layout_big_grid
Lair:4:   layout_long_grid
Lair:5:   wormcave, layout_gridlike, hangedman_lair_caniforms_friends,
          slime_entry_1
Swamp:1:  layout_basic_swamp, serial_swamp_ruin, evilmike_swamp_ruin_house_6,
          evilmike_swamp_ruin_house_2, evilmike_swamp_ruin_house_3, swamp_pool2
Swamp:2:  layout_falls_marsh, evilmike_swamp_ruin_house_5, uniq_louise
Swamp:3:  nicolae_swamp_ascending_descending_big, layout_basic_swamp,
          evilmike_swamp_ruin_house_1, water_boxes_lemuel, uniq_roxanne
Swamp:4:  nzn_swamp_witches_coven, layout_basic_swamp, swamp_pool1,
          uniq_mlioglotl
Snake:1:  layout_basic, library_closet
Snake:2:  layout_cave_shapes, drop_trap, nicolae_triple_integral,
          grunt_megastairs_4, uniq_aizul
Snake:3:  layout_gridlike, special_room, gammafunk_ghost_cemetery
Snake:4:  grunt_snake_rune_serpentine_throne, layout_gridlike, serial_shops,
          nicolae_shop_trees, uniq_bai_suzhen
Slime:1:  cheibrodos_slime_lost_civilization_8, layout_caves
Slime:2:  layout_caves, nicolae_slime_phagocytosis
Slime:3:  layout_caves
Slime:4:  layout_caves, special_room [special_room_jelly]
Slime:5
Orc:1:    layout_diamond_mine, serial_shops, nicolae_shop_waterfront
Orc:2:    st_orc_town, layout_caves, uniq_saint_roka
Elf:1:    layout_loops_cross, minivault_28, drop_trap, dreamdust_wishing_well
Elf:2:    elven_hall_of_blades_hangedman_original [nicolae_blade_bullseye],
          layout_geoelf_octagon, serial_shops, shop
Elf:3:    minmay_elf_hall_x, layout_geoelf_castle, dreamdust_princess_bridge,
          nicolae_elf_v_pinch, uniq_donald
Vaults:1: vaults_mumra_bighexcomb, hangedman_vaults_capsules,
          hangedman_vaults_corner_blocks, nicolae_vaults_yaktaur_gun_rack,
          nicolae_vaults_triangles, vaults_room_door_ring,
          vaults_room_grunt_arrival_ludios, layout_vaults_quadrants
Vaults:2: hangedman_vaults_snaps, grunt_vaults_swirl,
          nicolae_vaults_network_barrier, vaults_room_grid, dpeg_vaults_waves,
          vaults_mumra_hexcomb, nicolae_vaults_big_angled_halls,
          vaults_dpeg_hooks, v_misc_31, nicolae_vaults_ring_of_whatevers,
          vaults_room_pools, nicolae_vaults_mini_display_case,
          ontoclasm_vaults_twist, layout_vaults_omnicross, serial_shops,
          nicolae_shop_behind_doors, nicolae_shop_hallway_stairs, shop, shop
Vaults:3: minmay_guarded_unrand_guard_vaults, hangedman_vaults_locks,
          v_alt_pattern_4, nicolae_vaults_border_crossing,
          minmay_crypt_entry_simple_box, nicolae_vaults_puzzle_piece,
          nicolae_vaults_network_periphery, hangedman_vaults_river_flow,
          nicolae_vaults_network_quincunx
          [nicolae_vaults_network_quincunx_subvault,
          nicolae_vaults_network_quincunx_subvault,
          nicolae_vaults_network_quincunx_subvault,
          nicolae_vaults_network_quincunx_subvault,
          nicolae_vaults_network_quincunx_subvault],
          nicolae_vaults_little_squares_3, ontoclasm_vaults_ring_square,
          ontoclasm_vaults_fault, nicolae_vaults_gold_heap,
          layout_vaults_omnibox
Vaults:4: v_alt_pattern_1, vaults_dpeg_doors, dpeg_vaults_monster_row,
          ontoclasm_vaults_idyll, hangedman_vaults_stretched_pinwheel,
          v_rooms_5, vaults_room_boxed, v_misc_32, v_misc_30,
          hangedman_vaults_stretched_pinwheel, vaults_dpeg_encased_lava,
          layout_vaults_maze_bifur, serial_shops, nicolae_shop_trees
Vaults:5: uniq_xtahua
Crypt:1:  layout_catacombs, lightli_enter_wizlab_magi_temple, uniq_grunn
Crypt:2:  layout_regular_city, minmay_misc_feat_hallway
Crypt:3:  grunt_crypt_end_deaths_head
Tomb:1
Tomb:2
Tomb:3
Depths:1: layout_gridlike, enter_ziggurat_c, nicolae_hell_entry_big_baal_hell,
          solitary_fountain, nicolae_wooded_promenade,
          nicolae_kikubaaqudgha_miasma_corner
Depths:2: hangedman_box_tower, layout_honeycomb, abyss_entry, pan_entry,
          hell_entry, amcnicky_mini_pool_small, hangedman_decor_points
Depths:3: minmay_inside_and_out, layout_basic, grunt_hell_entry_dis_mu,
          corexii_leaking_fountain, abyss_entry_crystal,
          okawaru_ov_weapons_minmay
Depths:4: grunt_x_marks_the_spot, layout_honeycomb, serial_sigils,
          serial_sigils_hangedman_quiver, serial_sigils_hangedman_snap,
          serial_sigils_hangedman_quiver, serial_sigils_hangedman_gut,
          serial_sigils_hangedman_quiver, abyss_entry, serial_shops, shop,
          pf_hell_entry_great_geh, fiery_altar_vehumet, hangedman_decor_push
Hell
Dis:1:    layout_subdivisions, nicolae_hells_hurtin_island
Dis:2:    layout_gridville
Dis:3:    layout_subdivisions
Dis:4:    layout_overlapping_boxes, nicolae_dis_spooky_hallway
Dis:5:    layout_subdivisions
Dis:6:    layout_subdivisions, nicolae_hells_seeping_fissure
Dis:7:    dis_grunt_layers
Geh:1:    layout_gehenna_pools_box, nicolae_geh_isolated_escape
Geh:2:    layout_gehenna_lava_caves
Geh:3:    layout_gehenna_pools_basic
Geh:4:    layout_gehenna_pools_box
Geh:5:    nicolae_geh_i_lava_good_maze [nicolae_geh_lavamaze_diaghalf_recurse,
          nicolae_geh_lavamaze_diaghalf_recurse]
Geh:6:    layout_gehenna_lava_caves
Geh:7:    geh_grunt
Coc:1:    layout_ice_bergs
Coc:2:    layout_cocytus_water_paths
Coc:3:    layout_cocytus_delve
Coc:4:    layout_ice_bergs
Coc:5:    layout_ice_bergs
Coc:6:    layout_cocytus_water_paths
Coc:7:    coc_grunt_cove [coc_grunt_cove_antaeus, coc_grunt_cove_fiend,
          coc_grunt_cove_fiend, coc_grunt_cove_fiend, coc_grunt_cove_fiend]
Tar:1:    layout_grid_maze
Tar:2:    layout_grid_maze
Tar:3:    layout_catacombs
Tar:4:    layout_grid_maze, nicolae_tar_cuneiform_to_be, evilmike_ambush
          [evilmike_ambush_outer_corners, evilmike_ambush_inner_basic]
Tar:5:    layout_grid_maze
Tar:6:    layout_cathedral_of_symmetry
Tar:7:    tar_grunt, tar_grunt_ereshkigal, tar_grunt_big_loot,
          tar_grunt_small_loot, tar_grunt_small_loot, tar_grunt_small_loot,
          tar_grunt_decor_6, tar_grunt_small_decor_pillar,
          tar_grunt_decor_cross_diag, tar_grunt_decor_cross_ortho,
          tar_grunt_small_decor_pillar, tar_grunt_small_decor_pillar,
          tar_grunt_small_decor_pillar, tar_grunt_decor_3,
          tar_grunt_small_decor_pillar, tar_grunt_small_decor_pillar,
          tar_grunt_decor_4, tar_grunt_decor_cross_ortho,
          nicolae_tar_cuneiform_bird, tar_grunt_decor_cross_ortho,
          nicolae_tar_cuneiform_three
Zot:1:    layout_cathedral_of_symmetry, hangedman_elemental_grid_stream
Zot:2:    grunt_zot_stairs_mandelzot, layout_onion_interference, st_stairs_9
Zot:3:    layout_twisted_circle
Zot:4:    layout_basic, st_stairs_3, nicolae_transporter_circle
Zot:5:    layout_basic

Skill      XL: |  1  2  3  4  5  6  7  8  9 10 11 12 13 14 15 16 17 18 19 20 21 22 23 24 25 26 27 |
---------------+----------------------------------------------------------------------------------+-----
Fire Magic     | 3 4 5 6 7 11 17 20 | 20.0
Fighting       | 1 2 3 4 5 7 8 9 11 12 13 14 15 16 17 20 23 | 23.1
Spellcasting   | 3 4 5 6 7 8 10 11 20 | 20.4
Ice Magic      | 3 5 8 11 13 14 15 17 18 19 21 23 24 | 24.2
Air Magic      | 3 5 21 | 21.0
Conjurations   | 4 6 7 9 11 21 | 21.5
Dodging        | 2 5 6 8 9 10 12 20 | 20.0
Armour         | 4 6 7 8 10 | 10.8
Shields        | 4 6 9 10 12 | 12.9
Earth Magic    | 3 7 10 11 | 11.3
Transmutations | 2 5 8 18 | 18.7
Maces & Flails | 5 8 16 | 16.0
Necromancy     | 2 17 | 17.0
Stealth        | 6 |  6.0

Action                   |  1- 3 |  4- 6 |  7- 9 | 10-12 | 13-15 | 16-18 | 19-21 | 22-24 | 25-27 || total
-------------------------+-------+-------+-------+-------+-------+-------+-------+-------+-------++-------
Melee: Spear             |    19 |       |       |       |       |       |       |       |       ||    19
       Short sword       |     4 |     5 |       |       |       |       |       |       |       ||     9
       Unarmed           |     3 |       |       |       |       |       |       |       |       ||     3
       Dagger            |       |    12 |    83 |       |       |       |       |       |   282 ||   377
       Touch             |       |     6 |    13 |    13 |    33 |       |       |       |       ||    65
       Punch             |       |       |     1 |     1 |       |       |       |       |       ||     2
       Whip              |       |       |       |    79 |   115 |       |       |       |       ||   194
       Staff             |       |       |       |       |    24 |    95 |   142 |     4 |       ||   265
       Eveningstar       |       |       |       |       |       |       |   198 |   439 |   688 ||  1325
       Headbutt          |       |       |       |       |       |       |       |       |    34 ||    34
 Cast: Foxfire           |    14 |    15 |    54 |    18 |     1 |       |       |       |       ||   102
       Scorch            |    37 |    53 |   134 |   110 |    84 |       |       |       |       ||   418
       Freezing Cloud    |       |       |       |    91 |   152 |    47 |    20 |    23 |       ||   333
       Flame Wave        |       |       |       |    24 |    28 |       |       |       |       ||    52
       Ozocubu's Refrige |       |       |       |       |   107 |   450 |   357 |   169 |   219 ||  1302
       Iron Shot         |       |       |       |       |       |    65 |    60 |   107 |    87 ||   319
       Irradiate         |       |       |       |       |       |    54 |    47 |    42 |   213 ||   356
       Polar Vortex      |       |       |       |       |       |       |       |    13 |   557 ||   570
       Ignition          |       |       |       |       |       |       |       |       |   276 ||   276
       Maxwell's Capacit |       |       |       |       |       |       |       |       |   159 ||   159
       Necromutation     |       |       |       |       |       |       |       |       |   140 ||   140
       Chain Lightning   |       |       |       |       |       |       |       |       |   139 ||   139
       Dispel Undead     |       |       |       |       |       |       |       |       |    89 ||    89
 Abil: End Transformatio |       |       |       |       |       |       |       |       |     4 ||     4
Evoke: Wand              |       |     2 |     2 |     4 |     2 |       |       |     3 |    11 ||    24
       Condenser vane    |       |       |       |       |     1 |       |       |       |       ||     1
  Use: Scroll            |       |       |    20 |    17 |     5 |    10 |    34 |     5 |    38 ||   129
       Potion            |       |       |     1 |     7 |     5 |     4 |    14 |     1 |    62 ||    94
 Stab: Sleeping          |     3 |       |       |       |       |       |     1 |     1 |     3 ||     8
       Distracted        |       |       |       |       |       |       |       |     6 |    20 ||    26
Armor: Robe              |    11 |     7 |       |       |       |       |       |       |       ||    18
       Leather armour    |       |       |    65 |    12 |       |       |       |       |       ||    77
       Steam dragon scal |       |       |       |    10 |       |       |       |       |       ||    10
       Skin              |       |       |       |     2 |       |       |       |       |       ||     2
       Swamp dragon scal |       |       |       |    96 |   191 |   121 |   370 |   285 |  1184 ||  2247
Dodge: Dodged            |    37 |    33 |    94 |   180 |   227 |   162 |   328 |   340 |  1799 ||  3200
Block: Buckler           |       |       |       |       |    14 |    62 |    58 |   182 |     7 ||   323
       Kite shield       |       |       |       |       |       |       |   181 |       |  2106 ||  2287
